 Dungeon Crawl Stone Soup version 0.21.1-1-g345015f (webtiles) character file.

18 letownia2 the Insei (level 2, 0/21 HPs)
             Began as a Merfolk Transmuter on Mar 15, 2018.
             Slain by a goblin
             ... wielding a +0 club
              (3 damage)
             ... on level 3 of the Dungeon.
             The game lasted 00:02:49 (332 turns).

letownia2 the Insei (Merfolk Transmuter)             Turns: 332, Time: 00:02:49

Health: 0/21       AC:  2    Str: 10    XL:     2   Next: 70%
Magic:  3/5        EV: 13    Int: 12    God:
Gold:   28         SH:  0    Dex: 14    Spells: 2/5 levels left

rFire    . . .     SeeInvis .     - Unarmed
rCold    . . .     Gourm    .   (no shield)
rNeg     . . .     Faith    .   b - +0 robe
rPois    .         Spirit   .   (no helmet)
rElec    .         Reflect  .   (no cloak)
rCorr    .         Harm     .   (no gloves)
MR       .....                  (no boots)
Stlth    +.........             (no amulet)
HPRegen  0.07/turn              f - ring of wizardry (curse)
MPRegen  0.09/turn              (no ring)

@: appendage (expiring)
A: change form in water, swift swim, stealthy swim, horns 2
a: End Transformation


You were on level 3 of the Dungeon.
You were not hungry.
You had grown temporary horns.
You visited 1 branch of the dungeon, and saw 3 of its levels.

You collected 28 gold pieces.

Inventory:

Hand Weapons
 j - a +0 club
Missiles
 a - 10 arrows
Armour
 b - a +0 robe (worn)
 h - a +0 leather armour
 i - a +0 scale mail
Jewellery
 f - a cursed ring of wizardry (left hand)
Scrolls
 e - a scroll of teleportation {unknown}
Potions
 g - a potion of invisibility {unknown}
Books
 c - a book of Changes

   Spells                             Type                      Level
   a - Beastly Appendage              Transmutation                1
   b - Sticks to Snakes               Transmutation                2
   c - Spider Form                    Transmutation/Poison         3
   d - Ice Form                       Ice/Transmutation            4
   e - Blade Hands                    Transmutation                5
Comestibles
 d - a ration


   Skills:
 - Level 1.1 Fighting
 - Level 2.6 Dodging
 + Level 4.3 Unarmed Combat
 - Level 2.0 Spellcasting
 - Level 2.6 Transmutations


You had 2 spell levels left.
You knew the following spells:

 Your Spells              Type           Power        Failure   Level  Hunger
a - Beastly Appendage     Tmut           #.....       3%          1    ##.....
l - Sticks to Snakes      Tmut           #.......     6%          2    ###....


Dungeon Overview and Level Annotations

Branches:
Dungeon (3/15)

Altars:
Gozag


Innate Abilities, Weirdness & Mutations

You revert to your normal form in water.
You are very nimble and swift while swimming.
You are very stealthy in the water. (Stealth+)
You have a pair of horns on your head.


Message History

Your transformation is almost over.
Unknown command.
A goblin comes into view. It is wielding a club.
Found 8 stones.
The goblin shouts!
Casting: Beastly Appendage
Confirm with . or Enter, or press ? or * to list all spells.
You extend your transformation's duration.
You barely miss the goblin. The goblin hits you with a club.
* * * LOW HITPOINT WARNING * * *
You closely miss the goblin.
Your transformation is almost over.
You closely miss the goblin. The goblin closely misses you.
Unknown command.
You barely miss the goblin. The goblin barely misses you.
Unknown command.
You hit the goblin. Your headbutt misses the goblin.
The goblin is heavily wounded.
The goblin hits you with a club.
You die...

# )## ...#
#.########....#
#...........#.#
####........#
###.<#.###.#...
#....@.#
#.....g#
#.....#...g...
#.....#.......
##............
#...........(
#............
.............
...... .......


You could see a goblin.

Vanquished Creatures
  3 orcs (D:2)
  2 bats
  A giant cockroach (D:2)
  A goblin (D:2)
  4 hobgoblins
  2 kobolds (D:1)
  A rat (D:1)
14 creatures vanquished.

Notes
Turn   | Place    | Note
-------+----------+-------------------------------------------
     0 | D:1      | letownia2 the Merfolk Transmuter began the quest for the Orb.
     0 | D:1      | Reached XP level 1. HP: 15/15 MP: 3/3
   171 | D:2      | Reached XP level 2. HP: 13/21 MP: 3/5
   177 | D:2      | Learned a level 2 spell: Sticks to Snakes
   193 | D:1      | Reached skill level 4 in Unarmed Combat
   257 | D:2      | HP: 1/21 [orc/hand axe (4)]
   308 | D:2      | Found an opulent altar of Gozag.
   332 | D:3      | Slain by a goblin

Skill      XL: |  1  2 |
---------------+-------+-----
Unarmed Combat | 4 |  4.3
Fighting       | |  1.1
Dodging        | |  2.6
Spellcasting   | |  2.0
Transmutations | |  2.6

Action                   || total
-------------------------++-------
Melee: Unarmed           ||    47
       Headbutt          ||    10
       Punch             ||     1
 Cast: Beastly Appendage ||    14
       Sticks to Snakes  ||     2
Armor: Robe              ||     4
Dodge: Dodged            ||    24
